AoeStats
← Erick14mar

MegaRandom

509536083Analyzed
3v3 RM · 6d ago on Sep 27, 2026· 33m 48s· 6 players
Game mode
Random Map
Map size
Normal (6 player)
Population
200
Speed
Normal
Resources
Standard
Victory
Conquest
Starting age
Dark Age
Ending age
Imperial Age
RankedLock teamsTeams togetherTeam positionsShared explorationLock speedFull tech treeHidden civsTurbo modeCheats
Victory
Defeat
🇵🇪 Lithuanians · Peru
1319
+16
🇬🇹 Mongols · Guatemala
1280
+18
🇺🇸 Malay · United States
1178
+21
🇺🇸 Mongols · United States
1329
-19
🇩🇪 Magyars · Germany
1327
-19
🇺🇸 Poles · United States
1287
-17
Damian_JM
2:59 Loom
8:57 Feudal Age
9:30 Double-Bit Axe
17:11 Castle Age
17:25 Horse Collar
23:28 Fletching
24:47 Bodkin Arrow
26:51 Wheelbarrow
28:28 Heavy Plow
29:29 Husbandry
29:39 Bloodlines
33:29 Imperial Age
31:46 Gold Mining
33:19 Ballistics
34:13 Bracer
Erick14mar
3:40 Loom
10:35 Feudal Age
14:23 Castle Age
14:31 Gold Mining
15:17 Bloodlines
17:55 Husbandry
18:02 Scale Barding Armor
20:33 Forging
22:07 Horse Collar
25:49 Fletching
27:46 Iron Casting
27:31 Light Cavalry
28:47 Chain Barding Armor
29:31 Bodkin Arrow
30:17 Padded Archer Armor
31:43 Wheelbarrow
30:54 Town Watch
35:36 Imperial Age
Jersey_TitanX
3:36 Loom
9:00 Feudal Age
8:37 Double-Bit Axe
8:42 Town Watch
15:14 Castle Age
16:48 Crossbowman
25:44 Fletching
25:54 Padded Archer Armor
26:45 Bodkin Arrow
27:53 Wheelbarrow
35:05 Imperial Age
HaniTheGreat1
8:05 Loom
15:00 Feudal Age
34:47 Castle Age
forcedlevy
8:10 Loom
10:00 Feudal Age
13:10 Double-Bit Axe
18:30 Castle Age
19:34 Pikeman
23:36 Scale Mail Armor
VillIsComing
11:19 Feudal Age
11:45 Loom
14:55 Castle Age
14:31 Scale Barding Armor
15:23 Bloodlines
17:32 Fishing Lines
17:28 Light Cavalry
18:45 Double-Bit Axe
26:48 Medium Warships
29:42 Corvinian Army
Connection lost

Rejoining the realm…

Still unreachable

The connection could not be restored.

Session expired

The server has moved on; the page needs a fresh start.